 Dungeon Crawl Stone Soup version 0.18-a0-844-g9229740 (webtiles) character file.

588 root the Cudgeler (level 7, -2/62 HPs)
             Began as a Minotaur Chaos Knight on Dec 19, 2015.
             Killed from afar by an orc wizard (9 damage)
             ... with a magic dart
             ... on level 4 of the Dungeon.
             The game lasted 00:10:02 (2985 turns).

root the Cudgeler (Minotaur Chaos Knight)           Turns: 2985, Time: 00:10:04

Health: -2/62      AC:  5    Str: 16      XL:     7   Next: 15%
Magic:  6/6        EV: 11    Int: 10 (12) God:    Xom [.*....]
Gold:   72         SH:  8    Dex: 12      Spells: 0 memorised, 6 levels left

rFire  + . .     SeeInvis .     a - +1 mace (chaos)
rCold  . . .     Gourm    .     b - +2 leather armour
rNeg   . . .     Faith    .     s - +0 shield
rPois  .         Spirit   .     (helmet restricted)
rElec  .         Dismiss  .     (no cloak)
rCorr  .         Reflect  .     (no gloves)
SustAt .         Harm     .     (no boots)
MR     +....     Clarity  +     (no amulet)
Stlth  +.........               v - +3 ring of intelligence
                                w - ring of protection from fire

@: somewhat resistant to hostile enchantments, very unstealthy
A: retaliatory headbutt, horns 2, clarity, deterioration 1, magic resistance 1
a: Renounce Religion


You were on level 4 of the Dungeon.
You worshipped Xom.
You were a plaything of Xom.
You were not hungry.

You visited 1 branch of the dungeon, and saw 4 of its levels.

You collected 72 gold pieces.

Inventory:

Hand Weapons
 a - a +1 mace of chaos (weapon)
Missiles
 B - 4 tomahawks (quivered)
Armour
 b - a +2 leather armour (worn)
 s - a +0 shield (worn)
Jewellery
 i - an uncursed ring of magical power
 v - a +3 ring of intelligence (right hand)
 w - a ring of protection from fire (left hand)
 C - an uncursed ring of protection from magic {unknown}
Wands
 x - a wand of enslavement (11)
Scrolls
 d - 3 scrolls of identify
 j - 2 scrolls of amnesia
 A - a scroll of remove curse
Potions
 e - 4 potions of curing
 f - a potion of lignification {unknown}
 g - a potion of brilliance {unknown}
 l - 2 potions of agility {unknown}
 m - a potion of flight {unknown}
 q - a potion of might {unknown}
 r - a potion of haste {unknown}
 z - a potion of poison {unknown}
Comestibles
 c - 3 bread rations
 k - a beef jerky
 n - 9 chunks of flesh
 o - 8 fruits
 p - 3 slices of pizza
 u - 3 meat rations
 D - a royal jelly


   Skills:
 + Level 5.7 Fighting
 + Level 5.7 Maces & Flails
 + Level 3.7 Armour
 + Level 4.2 Dodging
 + Level 1.0 Stealth
 + Level 3.1 Shields


You had 6 spell levels left.
You didn't know any spells.

Dungeon Overview and Level Annotations

Branches:
Dungeon (4/15)
 Temple: D:4-7

Altars:


Innate Abilities, Weirdness & Mutations

You reflexively headbutt those who attack you in melee.
You have a pair of horns on your head.
You possess an exceptional clarity of mind.
Your body sometimes deteriorates upon taking damage.
You are resistant to hostile enchantments.


Message History

You headbutt the orc wizard, but do no damage.
The orc wizard is moderately wounded.
You hear a shout!
The orc wizard hits you with a dagger.
* * * LOW HITPOINT WARNING * * *
An orc priest and a skeleton come into view.
You hit the orc wizard.
The orc wizard is heavily wounded.
The orc wizard casts a spell at you. The magic dart hits you!
* * * LOW HITPOINT WARNING * * *
Your body deteriorates!
You feel dopey.
The orc priest moves out of view.
You hit the orc wizard.
The orc wizard's magic leaks into the air.
The orc wizard is severely wounded.
The orc wizard gestures at you while chanting.
The magic dart hits you!
You die...
Xom chuckles heartily!

#.#.#
####.#.####
...#.#.....
######o#..(...
#...@o......#
####....o......#
#..'...........#
#.##...........#
#
#............##
#....Z........#
#.............#
#.............#
#.............#


You could see an orc priest, an orc wizard (petrifying), an orc and a giant frog
skeleton.

Vanquished Creatures
  Sigmund (D:2)
  Crazy Yiuf (D:3)
  A worker ant (D:4)
  Ijyb (D:2)
  3 orc wizards
  A giant frog skeleton (D:3)
  Natasha (twice) (D:3)
  Terence (D:2)
  Robin (D:3)
  4 adders
  A giant eyeball (D:3)
  An ooze (D:3)
  2 worms
  A giant gecko (shapeshifter) (D:3)
  13 orcs
  2 ball pythons (D:3)
  13 hobgoblins
  5 kobolds
  3 quokkas
  A ball python (shapeshifter) (D:1)
  11 bats
  3 giant cockroaches
  3 giant geckos
  3 giant newts
  15 goblins
  5 rats
98 creatures vanquished.

Notes
Turn   | Place    | Note
--------------------------------------------------------------
     0 | D:1      | root the Minotaur Chaos Knight began the quest for the Orb.
     0 | D:1      | Reached XP level 1. HP: 19/19 MP: 0/0
     2 | D:1      | Noticed a tengu
     2 | D:1      | Noticed a minotaur
     4 | D:1      | Noticed a formicid
     4 | D:1      | Noticed a ghoul
     6 | D:1      | Noticed an octopode
     6 | D:1      | Noticed an ogre
     8 | D:1      | Noticed a gargoyle
     8 | D:1      | Noticed an elf
    10 | D:1      | Noticed a human
    12 | D:1      | Noticed a spriggan
    12 | D:1      | Noticed a merfolk
    14 | D:1      | Noticed a draconian
    14 | D:1      | Noticed a centaur
    16 | D:1      | Noticed a naga
    16 | D:1      | Noticed a demigod
    18 | D:1      | Noticed a troll
    20 | D:1      | Noticed a dwarf
    22 | D:1      | Noticed a felid
    22 | D:1      | Noticed a vampire
    24 | D:1      | Noticed a vine stalker
    26 | D:1      | Noticed a demonspawn
   119 | D:1      | Reached skill level 4 in Fighting
   176 | D:1      | Reached XP level 2. HP: 24/27 MP: 1/1
   477 | D:1      | XOM: harmless Chrm miscast
   624 | D:1      | XOM: silly message
   750 | D:2      | Reached XP level 3. HP: 34/34 MP: 2/2
   762 | D:2      | Noticed Ijyb
   772 | D:2      | Killed Ijyb
   826 | D:2      | Noticed Terence
   829 | D:2      | XOM: divination: detect items
   836 | D:2      | Killed Terence
   836 | D:2      | Reached XP level 4. HP: 31/41 MP: 3/3
  1189 | D:2      | Noticed Sigmund
  1310 | D:2      | XOM: cast spell 'Summon Butterflies'
  1311 | D:2      | Killed Sigmund
  1311 | D:2      | Reached skill level 5 in Fighting
  1311 | D:2      | Reached skill level 5 in Maces & Flails
  1311 | D:2      | Reached skill level 1 in Shields
  1311 | D:2      | Reached XP level 5. HP: 9/48 MP: 4/4
  1311 | D:2      | Reached XP level 6. HP: 10/56 MP: 5/5
  1810 | D:3      | XOM: silly message
  1876 | D:3      | XOM: harmless Fire miscast
  2116 | D:3      | XOM: harmless Air miscast
  2273 | D:3      | Noticed Robin
  2279 | D:3      | Noticed Natasha
  2283 | D:3      | Killed Robin
  2287 | D:3      | XOM: chaos upgrade
  2303 | D:3      | Killed Natasha
  2309 | D:3      | Gained mutation: You are resistant to hostile enchantments. [mutagenic meat]
  2310 | D:3      | Gained mutation: Your body sometimes deteriorates upon taking damage. [mutagenic meat]
  2311 | D:3      | Gained mutation: You possess an exceptional clarity of mind. [mutagenic meat]
  2414 | D:3      | XOM: silly message
  2427 | D:3      | Noticed Crazy Yiuf
  2437 | D:3      | Killed Crazy Yiuf
  2507 | D:3      | Noticed Natasha
  2510 | D:3      | Killed Natasha
  2615 | D:3      | XOM: harmless Ice miscast
  2865 | D:4      | XOM: enchant monster (bad)
  2866 | D:4      | XOM: chaos upgrade
  2885 | D:4      | Reached skill level 1 in Stealth
  2899 | D:4      | XOM: chaos upgrade
  2905 | D:4      | Reached XP level 7. HP: 34/61 MP: 6/6
  2985 | D:4      | Killed from afar by an orc wizard

Vault maps used:
D:1:      kb_arrival_jail, columned_hall_lemuel, st_stairs_5
D:2:      uniq_sigmund, uniq_iyjb, uniq_terence
D:3:      uniq_robin, uniq_natasha, uniq_crazy_yiuf_cottage
D:4:      first_bread, chequers_ossuary_entry_cave, serial_shops,
          nicolae_shop_competitors_out_of_business

Action                   |  1- 3 |  4- 6 |  7- 9 || total
-------------------------+-------+-------+-------++-------
Melee: Mace              |    61 |   202 |    21 ||   284
  Use: Scroll            |       |     3 |     3 ||     6
       Potion            |       |       |     1 ||     1
 Stab: Paralysed         |       |     3 |       ||     3
       Confused          |       |     1 |       ||     1
  Eat: Chunk             |       |    10 |       ||    10
